 Dungeon Crawl Stone Soup version 0.30-a0-643-g638baaf3f0 (webtiles) character file.

Game seed: 7508709176003999216

9731 Citaku the Protected (level 11, -2/97 HPs)
             Began as a Minotaur Fighter on Jan 16, 2023.
             Was an Initiate of Gozag.
             Splashed by a goliath frog (shapeshifter)'s acid (8 damage)
             ... on level 11 of the Dungeon.
             The game lasted 00:17:12 (10374 turns).

Citaku the Protected (Minotaur Fighter)            Turns: 10374, Time: 00:17:13

Health: -2/97      AC: 15    Str: 24    XL:     11   Next: 26%
Magic:  10/10      EV:  6    Int:  4    God:    Gozag
Gold:   1113       SH: 17    Dex: 11    Spells: 10/10 levels left

rFire   . . .      SeeInvis .    a - +0 war axe (heavy)
rCold   . . .      Faith    .    o - +2 kite shield
rNeg    + . .      Spirit   .    c - +3 plate armour {rPois}
rPois   +          Reflect  +    (helmet restricted)
rElec   .          Harm     .    y - +2 ratskin cloak {*Rats rPois rN+ Str-1 Int-1 Dex+1}
rCorr   .          Rampage  .    g - +0 pair of gloves
Will    .....                    u - +2 pair of boots Stlth
                                 l - amulet of reflection
HPRegen 0.36/turn                (no ring)
MPRegen 0.12/turn                (no ring)

@: corroded
A: horns 2, retaliatory headbutt
a: Renounce Religion, Potion Petition, Call Merchant, Bribe Branch


You were on level 11 of the Dungeon.
You worshipped Gozag.
Gozag was most pleased with you.
You visited 1 branch of the dungeon, and saw 11 of its levels.

You collected 1293 gold pieces.
You spent 56 gold pieces at shops.
You paid 124 gold pieces to Gozag.

Inventory:

Hand Weapons
 a - a +0 heavy war axe (weapon)
Missiles
 x - 3 silver javelins (quivered)
Armour
 c - a +3 plate armour of poison resistance (worn)
 g - a +0 pair of gloves (worn)
 o - a +2 kite shield (worn)
 u - a +2 pair of boots (worn)
 y - the +2 ratskin cloak (worn) {*Rats rPois rN+ Str-1 Int-1 Dex+1}
   (You found it on level 4 of the Dungeon)

   *Rats:     When the wearer is hurt, rats may emerge from it to assist them.
   Str:       It affects your strength (-1).
   Int:       It affects your intelligence (-1).
   Dex:       It affects your dexterity (+1).
   rPois:     It protects you from poison.
   rN:        It protects you from negative energy.
Jewellery
 b - a ring of poison resistance
 l - an amulet of reflection (around neck)
Wands
 i - a wand of paralysis (10)
 k - a wand of quicksilver (12)
 A - a wand of flame (6)
Scrolls
 d - 3 scrolls of identify
 j - 4 scrolls of vulnerability
 n - a scroll of amnesia
 s - a scroll of fog
 v - 3 scrolls of enchant weapon
 B - 2 scrolls of teleportation
Potions
 h - 2 potions of resistance
 m - 2 potions of mutation
 t - 2 potions of attraction


   Skills:
 + Level 9.4 Fighting
 * Level 12.5 Axes
 * Level 12.7 Armour
 + Level 9.4 Shields


You had 10 spell levels left.
You didn't know any spells.
Your spell library contained the following spells:

 Spells                   Type           Power      Damage    Failure   Level
 Apportation              Tloc           0%         N/A       100%        1
 Beastly Appendage        Tmut           0%         N/A       100%        1
 Sandblast                Erth           0%         2d4       100%        1
 Blink                    Tloc           0%         N/A       100%        2
 Ensorcelled Hibernation  Hex/Ice        0%         N/A       100%        2
 Lesser Beckoning         Tloc           0%         N/A       100%        2
 Momentum Strike          Conj/Tloc      0%         3d8       100%        2
 Passwall                 Tmut/Erth      0%         N/A       100%        2
 Wereblood                Tmut           0%         N/A       100%        2
 Spider Form              Tmut/Pois      0%         N/A       100%        3
 Stone Arrow              Conj/Erth      0%         3d7       100%        3
 Anguish                  Hex/Necr       0%         N/A       100%        4
 Petrify                  Tmut/Erth      0%         N/A       100%        4
 Alistair's Intoxication  Tmut/Pois      0%         N/A       100%        5
 Fireball                 Conj/Fire      0%         3d3       100%        5
 Iskenderun's Battlesphe  Conj           0%         2d6       100%        5
 Metabolic Englaciation   Hex/Ice        0%         N/A       100%        5
 Conjure Ball Lightning   Conj/Air       0%         3x3d6     100%        6
 Statue Form              Tmut/Erth      0%         N/A       100%        6
 Orb of Destruction       Conj           0%         9d5       100%        7


Dungeon Overview and Level Annotations

Branches:
Dungeon (11/15)            Temple (0/1) D:7            Lair (0/5) D:11
    Orc (0/2) D:11

Altars:
Ashenzari
Elyvilon
Gozag
Makhleb
Okawaru
Ru
Sif Muna
Wu Jian
Xom

Shops:
D:6 ?

Annotations:
D:7 3 runed translucent doors, Vildbasse's ghost, novice MiBe
D:11 3 runed translucent doors


Innate Abilities, Weirdness & Mutations

You have a pair of horns on your head.
You reflexively headbutt those who attack you in melee.


Message History

You headbutt the orc warrior.
You hit the orc warrior but do no damage.
You headbutt the orc warrior.
You kill the orc warrior!
The goliath frog hits you but does no damage.
The goliath frog hits you from afar. The acid corrodes you!
You are splashed with acid!
The goliath frog is distracted by your dazzling golden aura.
You see here 5 gold pieces.
You closely miss the goliath frog.
The goliath frog is no longer distracted by gold.
The goliath frog is distracted by your dazzling golden aura.
The goliath frog is no longer distracted by gold.
The goliath frog hits you from afar! The acid corrodes you!
You are splashed with acid!
A river rat scurries out from under your cloak.
Okay, then.
As you read the scroll of fog, it crumbles to dust.
The scroll dissolves into smoke.
The goliath frog hits you from afar!
A hell rat scurries out from under your cloak.
You are splashed with acid.
You block the goliath frog's attack.
You swap places.
Your river rat misses the goliath frog.
The goliath frog hits you from afar! The acid corrodes you!
You are splashed with acid.
Your river rat misses the goliath frog.
You feel yourself speed up. Something hits your river rat!!
Your river rat dies!
The goliath frog hits you from afar!!
* * * LOW HITPOINT WARNING * * *
You are splashed with acid!
* * * LOW HITPOINT WARNING * * *
Your hell rat bites the goliath frog!
There is a stone staircase leading up, spattered with blood here.
You block the goliath frog's attack.
Your hell rat barely misses the goliath frog.
The goliath frog hits you from afar.
* * * LOW HITPOINT WARNING * * *
You are splashed with acid!
You die...
Your body crumbles into a pile of gold.

####'.#####.#####.#########
#...#§r....................
....##§###.#######.########
#.#.##§§##.# #.# ..#.###§##.#
#.# ###+###§§#.# #.#
.#YWT###§#?# #.#
##Byg###§..#######)##########
##yW9####....rF.@)>.........#
.+QTC+.##..##.#######.#####.##
#######.##.##.# #.### #..#
....... #..#.# #...###..# ..
.... ##.#.# #........# ...
#...# #..#.#.#.# ....
##..#######........#
#...........#.#.#.#
##.##.#####.......#


You could see a goliath frog (ally target) and a friendly hell rat.

Vanquished Creatures
  2 two-headed ogres
  3 death yaks
  An ugly thing (D:10)
  A kobold demonologist (D:10)
  A freezing wraith (D:11)
  A troll (D:10)
  A raiju (shapeshifter) (D:10)
  6 yaks (D:11)
  2 steam dragons
  Duvessa (D:6)
  A water moccasin (D:7)
  6 orc warriors
  An ogre (D:6)
  4 centaurs
  11 kobold brigands
  A bullfrog (D:9)
  3 scorpions
  2 necrophages
  4 gnoll sergeants
  Dowan (D:6)
  3 killer bees (D:10)
  3 howler monkeys
  3 hounds
  6 orc priests
  An iguana (D:5)
  10 orc wizards
  24 gnolls
  4 adders
  2 shadow imps
  2 ufetubi (D:5)
  5 worms
  4 dart slugs
  40 orcs
  8 endoplasms
  3 giant cockroaches
  8 goblins
  7 hobgoblins
  7 jackals
  4 quokkas
  3 ball pythons
  5 bats
  3 frilled lizards
  12 kobolds
  5 rats
225 creatures vanquished.

Vanquished Creatures (collateral kills)
  A yak (D:11)
  Menkaure (D:7)
  An ice beast (D:5)
  A scorpion (D:5)
  A gnoll sergeant (D:5)
  An orc priest (D:9)
  2 orc wizards (D:9)
  A gnoll (D:5)
  An adder (D:5)
  A white imp (D:5)
  5 orcs
16 creatures vanquished.

Vanquished Creatures (others)
  A manticore (D:11)
  A fungus (D:8)
  2 plants (D:8)
4 creatures vanquished.

Grand Total: 245 creatures vanquished

Notes
Turn   | Place    | Note
-------+----------+-------------------------------------------
     0 | D:1      | Citaku the Minotaur Fighter began the quest for the Orb.
     0 | D:1      | Reached XP level 1. HP: 19/19 MP: 0/0
   177 | D:1      | Reached XP level 2. HP: 24/27 MP: 1/1
   767 | D:2      | Reached XP level 3. HP: 33/33 MP: 2/2
  1238 | D:2      | Found a sacrificial altar of Ru.
  1463 | D:3      | You fall into a shaft and drop 1 floor!
  1473 | D:4      | Reached XP level 4. HP: 36/40 MP: 3/3
  1742 | D:3      | Found a burning altar of Makhleb.
  1752 | D:3      | Found a faded altar of an unknown god.
  1827 | D:3      | Reached XP level 5. HP: 47/47 MP: 4/4
  1844 | D:3      | Reached skill level 5 in Armour
  2560 | D:4      | Found the +2 ratskin cloak {*Rats rPois rN+ Str-1 Int-1
                  | Dex+1}
  2882 | D:4      | Found a shimmering blue altar of Sif Muna.
  2949 | D:4      | Identified the +2 robe of the Devil {rF+}
  3277 | D:4      | Reached XP level 6. HP: 53/53 MP: 5/5
  3359 | D:5      | Entered Level 5 of the Dungeon
  3366 | D:5      | Reached skill level 5 in Axes
  3378 | D:5      | Reached skill level 5 in Fighting
  3379 | D:5      | Reached skill level 5 in Shields
  3484 | D:5      | Reached XP level 7. HP: 36/61 MP: 6/6
  3680 | D:5      | Found a broken altar of Ashenzari.
  3684 | D:5      | Saw a vision of the Shoals and the Snake Pit.
  3684 | D:5      | Noticed a mana viper
  3684 | D:5      | Noticed a merfolk
  3684 | D:5      | Noticed a merfolk
  3684 | D:5      | Noticed a sea snake
  3684 | D:5      | Noticed a sea snake
  3684 | D:5      | Noticed a manticore
  3685 | D:5      | Noticed a naga ritualist
  3685 | D:5      | Noticed a manticore
  4407 | D:6      | Found Woanafy's Magic Scroll Shoppe.
  4413 | D:6      | Reached XP level 8. HP: 70/70 MP: 7/7
  4416 | D:6      | Bought a scroll of identify for 28 gold pieces
  4416 | D:6      | Bought a scroll of identify for 28 gold pieces
  4796 | D:6      | Found an opulent altar of Gozag.
  4904 | D:6      | Became a worshipper of Gozag Ym Sagoz the Greedy
  5390 | D:6      | Noticed Duvessa
  5391 | D:6      | Noticed Dowan
  5396 | D:6      | Killed Duvessa
  5397 | D:6      | Killed Dowan
  5436 | D:6      | Found a shimmering altar of Xom.
  5818 | D:7      | Identified the +2 leather armour of Qauvoa {rCorr Str-3
                  | Stlth+}
  5875 | D:7      | Found a staircase to the Ecumenical Temple.
  5967 | D:7      | Noticed Vildbasse's ghost (novice MiBe)
  5970 | D:7      | Found a runed translucent gate.
  5970 | D:7      | Found a runed translucent gate.
  5970 | D:7      | Found a runed translucent gate.
  6135 | D:7      | Noticed Menkaure
  6147 | D:7      | Killed Menkaure
  6418 | D:7      | Reached XP level 9. HP: 77/78 MP: 8/8
  6843 | D:8      | Noticed a two-headed ogre
  6852 | D:8      | Killed a two-headed ogre
  7255 | D:8      | Found a sacrificial altar of Ru.
  8042 | D:8      | Reached skill level 10 in Armour
  8269 | D:9      | Found an iron altar of Okawaru.
  8326 | D:9      | Reached skill level 10 in Axes
  8822 | D:9      | Found a white marble altar of Elyvilon.
  8994 | D:10     | Entered Level 10 of the Dungeon
  9040 | D:10     | Noticed a red ugly thing
  9051 | D:10     | Reached XP level 10. HP: 83/88 MP: 9/9
  9057 | D:10     | Noticed a black mamba
  9058 | D:10     | Killed a red ugly thing
  9084 | D:10     | Found an ornate altar of the Wu Jian Council.
  9469 | D:10     | Noticed a two-headed ogre
  9478 | D:10     | Killed a two-headed ogre
  9962 | D:11     | Found a staircase to the Orcish Mines.
 10030 | D:11     | Found a runed translucent door.
 10031 | D:11     | Noticed a boulder beetle
 10032 | D:11     | Noticed a gargoyle
 10033 | D:11     | Found a runed translucent door.
 10033 | D:11     | Found a runed translucent door.
 10033 | D:11     | Noticed a cyclops
 10041 | D:11     | Noticed a boulder beetle
 10045 | D:11     | Noticed a two-headed ogre
 10047 | D:11     | Killed a manticore
 10151 | D:11     | Noticed a death yak
 10151 | D:11     | Noticed a death yak
 10186 | D:10     | Killed a death yak
 10221 | D:11     | Killed a death yak
 10222 | D:11     | Reached XP level 11. HP: 80/97 MP: 10/10
 10280 | D:11     | Found a staircase to the Lair.
 10280 | D:11     | Noticed a death yak
 10306 | D:11     | Killed a death yak
 10356 | D:11     | Noticed a goliath frog
 10374 | D:11     | Splashed by a goliath frog (shapeshifter)'s acid

Illustrated notes

Levels and vault maps discovered:
D:1:      evilmike_arrival_hilbert_curve, layout_basic, dreamdust_wishing_well,
          minmay_liquid_box
D:2:      layout_loops_ring, basic_altar
D:3:      layout_loops_ring, bloody_makhleb, basic_ecumenical_altar,
          chequers_serial_rivers_large_b
D:4:      layout_basic, led_sif_pool
D:5:      layout_basic, grunt_ashenzari_visionary
          [grunt_ashenzari_visionary_shoals, grunt_ashenzari_visionary_snake],
          minmay_chambers_of_fives
D:6:      layout_loops_ring, nicolae_gozag_cash_rules_everything_around_me,
          amcnicky_altar_gilded, nicolae_concentric_dashed_squares_mild,
          nicolae_stop_n_shop_1, uniq_duvessa
D:7:      minmay_evil_eye, layout_gridville, minmay_temple_entry_tees,
          gammafunk_ghost_split, uniq_menkaure
D:8:      layout_basic, nicolae_ru_the_path_less_chosen
D:9:      layout_basic, elyvilon_altar_1, okawaru_gym_becter,
          hangedman_abyss_or_decor_lesser_grid
D:10:     layout_basic, old_standard_altar, special_room [special_room_kobold],
          minivault_20
D:11:     minmay_the_grid_triangle_9x9_rhombus_full_mashed
          [minmay_the_grid_triangle_9x9_zippers_horizontal,
          minmay_the_grid_triangle_9x9_thin_v,
          minmay_the_grid_triangle_9x9_descending_squares,
          minmay_the_grid_triangle_9x9_semitri,
          minmay_the_grid_triangle_9x9_zippers_vertical,
          minmay_the_grid_triangle_9x9_fully_insulated_deathbox,
          minmay_the_grid_triangle_9x9_empty,
          minmay_the_grid_triangle_9x9_prize_center], layout_small_grid,
          dpeg_lair_monsters, orc_0_dummy, serial_glass, glass_columns_b,
          glass_columns_c, yredelemnul_altar_generic

Skill      XL: |  1  2  3  4  5  6  7  8  9 10 |
---------------+-------------------------------+-----
Armour         | 4 5 6 7 8 10 12 | 12.7
Axes           | 3 4 5 6 8 10 12 | 12.5
Fighting       | 4 5 6 7 9 |  9.4
Shields        | 4 5 6 7 9 |  9.4

Action                   |  1- 3 |  4- 6 |  7- 9 | 10-12 || total
-------------------------+-------+-------+-------+-------++-------
Melee: War axe           |    89 |   124 |   215 |   132 ||   560
       Headbutt          |    10 |    13 |    32 |    26 ||    81
  Use: Potion            |       |     1 |    14 |     7 ||    22
       Scroll            |       |       |    18 |     4 ||    22
Armor: Scale mail        |    29 |    59 |   127 |       ||   215
       Plate armour      |       |       |    10 |   102 ||   112
Dodge: Dodged            |    32 |    36 |    96 |    24 ||   188
Block: Buckler           |    39 |    77 |   106 |       ||   222
       Reflection        |     1 |       |     9 |     9 ||    19
       Kite shield       |       |       |    62 |   147 ||   209

Table legend: (Time is in decaauts)
 A = Elapsed time spent in this place.
 B = Non-inter-level travel time spent in this place.
 C = Inter-level travel time spent in this place.
 D = Time resting spent in this place.
 E = Time spent auto-exploring this place.
 F = Levels seen in this place.
 G = Mean time per level.
                   A        B        C        D        E       F      G
               +--------+--------+--------+--------+--------+-----+--------+
         Total |  10600 |  10337 |    263 |    966 |   7600 |  11 |  963.6 |
       Dungeon |  10600 |  10337 |    263 |    966 |   7600 |  11 |  963.6 |
               +--------+--------+--------+--------+--------+-----+--------+

Top non-repeatable levels by time:
     D:8: 1358 daAuts
     D:6: 1315 daAuts
     D:7: 1155 daAuts
     D:4: 1104 daAuts
     D:5: 1069 daAuts
    D:10: 1015 daAuts
     D:3: 850 daAuts
     D:9: 838 daAuts
     D:1: 772 daAuts
     D:2: 722 daAuts
    D:11: 398 daAuts
